Connexion

Rampage vs IceHogs

Created - 7 septembre 2023 at 04:12

Goals
1 2 3 T
Rampage 0 1 2 3
IceHogs 0 1 1 2
Shots
1 2 3 T
Rampage 6 9 12 27
IceHogs 11 17 8 36

GoalsPenalties
1st period
No Goal
Robert Hagg (SAN) for Tripping (Minor) at 0:37
Charles Hudon (RCK) for Hooking (Minor) at 5:49
Jack Dougherty (RCK) for Holding (Minor) at 8:16
2nd period
1. Rampage , Johnny Kovacevic 2 (Joey Anderson 8, Curtis McKenzie 6) at 4:07
2. IceHogs , Brendan Gaunce 3 (Danny O'Regan 7, Jean-Sébastien Dea 15) at 9:41
Brendan Gaunce (RCK) for High sticking (Minor) at 2:05
Steven Kampfer (SAN) for Goalie Interference (Minor) at 7:38
William Carrier (RCK) for Hooking (Minor) at 10:03
Adam Werner (SAN) for Delaying the game (Minor) at 18:11 - Joseph Labate served the penalty.
3rd period
3. Rampage , Steven Kampfer 3 (Robert Hagg 9, Joseph Labate 4) at 12:32 (PP)
4. Rampage , Joseph Labate 5 (Michael Sgarbossa 6) at 14:39 (PP)
5. IceHogs , Charles Hudon 8 (Brandon Hickey 5) at 15:12
Erik Cernak (RCK) for Diving (Minor) at 11:34
Erik Cernak (RCK) for Hooking (Minor) at 13:43
Erik Cernak (RCK) for Fighting (Major) at 15:55
Nick Ritchie (SAN) for Fighting (Major) at 15:55
Goalie Stats
Adam Werner (SAN), 34 saves from 36 shots - (0,944), W, 1-2-1, 60:00 minutes
Christopher Gibson (RCK), 24 saves from 27 shots - (0,889), L, 7-3-1, 59:37 minutes
3 StarsOfficial
1 - Joseph Labate (SAN)
2 - Adam Werner (SAN)
3 - Charles Hudon (RCK)
Referees : Chris Lee and Brad Meier
Linesman : Jay Sharrers and Vaughan Rody
Game Note
Erik Cernak beats up Nick Ritchie at 15:55 of 3rd period
Finance
Level 1 -- Attendance: 2000 (100,00%) -- Ticket Income 70 000 $
Level 2 -- Attendance: 951 (95,10%) -- Ticket Income 14 265 $
Total Attendance: 2951 (98,37%)
Total Ticket Income: 84 265 $
Other Income: 16 853 $
Total Income: 101 118 $



Team Name Goals Shots Shots Attemp Shots Blocked PIM HIT PP PK FO%
Rampage 327631411162 / 6 (33%)050%
IceHogs 236791017210 / 3 (0%)250%

Rampage
Player Name POS G A P +/- PIM HIT SHT SB MP PP MP PP SHT PK MP PK SHT FO% FOT
Aaron NessD000-1000217:030:0002:2900% 0
Curtis McKenzieLW0110012120:544:5301:4300% 1
Dmytro TimashovLW000000007:390:0000:2200% 0
Eric CornelC/RW000000008:220:0000:48033% 6
Hudson FaschingRW000-1005019:024:4223:40040% 5
Jayson MegnaRW0000001012:130:1500:000100% 2
Joey AndersonRW0110002023:155:0803:07080% 5
Johnny KovacevicD101-1011214:360:1500:1400% 0
Joseph LabateLW112-1047015:224:4230:0000% 0
Josh BrownD0000031321:073:5202:5200% 0
Josh LeivoRW000000017:170:0000:0000% 0
Matt MartinC/LW/RW0000031021:164:5301:25061% 23
Michael SgarbossaC011-1003015:224:4230:00039% 18
Nick HoldenD0000011020:434:0712:4400% 0
Nick RitchieLW0000500112:060:0000:4900% 1
Robert HaggD0110211222:435:4311:4400% 0
Sam CarrickC0000011012:130:1500:00047% 17
Steven KampferD1010211222:475:4311:5100% 0
IceHogs
Player Name POS G A P +/- PIM HIT SHT SB MP PP MP PP SHT PK MP PK SHT FO% FOT
Andrew SturtzRW0000001013:490:0000:0000% 1
Brandon GignacC000000000:170:0000:0000% 0
Brandon HickeyD0111002321:563:2013:5900% 0
Brendan GaunceC/LW1010213013:480:0000:00043% 14
Cameron Gaunce D0001000226:372:3705:5100% 0
Cedric PaquetteC/LW0000053019:373:0213:1500% 2
Charles HudonLW/RW1011244018:322:5500:0900% 1
Colton SceviourC/LW/RW0000013015:050:0001:1600% 2
Danny O'ReganC/RW0110001122:533:0206:31050% 4
Erik CernakD0001941123:062:3704:1300% 0
Frederic AllardD0001012023:463:2013:5900% 0
Jack DoughertyD000-1222113:040:0001:3800% 0
Jean-Sébastien DeaC/RW0110001123:513:0206:11057% 35
Mark AltD000-1013011:270:0000:0000% 0
Mikhail VorobyovC000000101:350:0000:00050% 2
Riley SheahanC0001003018:242:5510:00059% 17
William CarrierLW/RW0001224120:412:5512:1800% 0
Zack O'BrienC/RW000000201:350:0000:0000% 0



Play-by-Play

1st period


0:01 of 1st period - Danny O'Regan wins face-off versus Matt Martin in neutral zone.
0:24 of 1st period - Shot by Joey Anderson.
0:24 of 1st period - Shot Blocked by Jean-Sébastien Dea.
0:37 of 1st period - Minor Penalty to Robert Hagg for Tripping.
0:38 of 1st period - Joey Anderson wins face-off versus Riley Sheahan in Rampage zone.
0:43 of 1st period - Shot by Brandon Hickey.
0:43 of 1st period - Shot Misses the Net.
0:45 of 1st period - Shot by Frederic Allard.
0:45 of 1st period - Shot Misses the Net.
0:47 of 1st period - Shot by Frederic Allard.
0:47 of 1st period - Stopped by Adam Werner with a rebound.
1:03 of 1st period - Shot by Charles Hudon.
1:03 of 1st period - Deflect By Riley Sheahan.
1:03 of 1st period - Stopped by Adam Werner without a rebound.
1:04 of 1st period - Jean-Sébastien Dea wins face-off versus Joey Anderson in Rampage zone.
1:09 of 1st period - Shot by Danny O'Regan.
1:09 of 1st period - Shot Misses the Net.
1:29 of 1st period - Aaron Ness is hit by Cedric Paquette and loses puck.
2:43 of 1st period - Shot by Brendan Gaunce.
2:43 of 1st period - Stopped by Adam Werner without a rebound.
2:44 of 1st period - Brendan Gaunce wins face-off versus Sam Carrick in Rampage zone.
2:55 of 1st period - Shot by Mark Alt.
2:55 of 1st period - Stopped by Adam Werner without a rebound.
2:56 of 1st period - Brendan Gaunce wins face-off versus Eric Cornel in Rampage zone.
3:07 of 1st period - Icing by Erik Cernak.
3:08 of 1st period - Sam Carrick wins face-off versus Andrew Sturtz in IceHogs zone.
4:00 of 1st period - Shot by Frederic Allard.
4:00 of 1st period - Shot Misses the Net.
4:02 of 1st period - Shot by Brandon Hickey.
4:02 of 1st period - Stopped by Adam Werner without a rebound.
4:03 of 1st period - Riley Sheahan wins face-off versus Michael Sgarbossa in Rampage zone.
4:10 of 1st period - Shot by Charles Hudon.
4:10 of 1st period - Stopped by Adam Werner without a rebound.
4:11 of 1st period - Jean-Sébastien Dea wins face-off versus Michael Sgarbossa in Rampage zone.
4:46 of 1st period - Shot by Jean-Sébastien Dea.
4:46 of 1st period - Shot Blocked by Steven Kampfer.
4:48 of 1st period - Shot by Frederic Allard.
4:48 of 1st period - Shot Blocked by Robert Hagg.
4:52 of 1st period - Shot by Jean-Sébastien Dea.
4:52 of 1st period - Shot Hit the Post.
4:59 of 1st period - Icing by Steven Kampfer.
5:00 of 1st period - Riley Sheahan wins face-off versus Michael Sgarbossa in Rampage zone.
5:03 of 1st period - Shot by Charles Hudon.
5:03 of 1st period - Stopped by Adam Werner with a rebound.
5:05 of 1st period - Shot by Charles Hudon.
5:05 of 1st period - Stopped by Adam Werner without a rebound.
5:06 of 1st period - Matt Martin wins face-off versus Riley Sheahan in Rampage zone.
5:06 of 1st period - Matt Martin is hit by William Carrier.
5:19 of 1st period - Charles Hudon is hit by Josh Brown and loses puck.
5:49 of 1st period - Minor Penalty to Charles Hudon for Hooking.
5:50 of 1st period - Jean-Sébastien Dea wins face-off versus Hudson Fasching in IceHogs zone.
5:50 of 1st period - Jean-Sébastien Dea is hit by Joseph Labate.
6:40 of 1st period - Joey Anderson is hit by Frederic Allard and loses puck.
7:27 of 1st period - Shot by Michael Sgarbossa.
7:27 of 1st period - Stopped by Christopher Gibson with a rebound.
7:31 of 1st period - Shot by Robert Hagg.
7:31 of 1st period - Shot Misses the Net.
7:33 of 1st period - Shot by Michael Sgarbossa.
7:33 of 1st period - Stopped by Christopher Gibson without a rebound.
7:34 of 1st period - Jayson Megna wins face-off versus Cedric Paquette in IceHogs zone.
8:15 of 1st period - Icing by Jack Dougherty.
8:16 of 1st period - Jayson Megna wins face-off versus Brendan Gaunce in IceHogs zone.
8:16 of 1st period - Minor Penalty to Jack Dougherty for Holding.
8:17 of 1st period - Matt Martin wins face-off versus Jean-Sébastien Dea in IceHogs zone.
9:53 of 1st period - Shot by Joey Anderson.
9:53 of 1st period - Shot Blocked by Brandon Hickey.
10:31 of 1st period - Shot by Colton Sceviour.
10:31 of 1st period - Stopped by Adam Werner without a rebound.
10:32 of 1st period - Eric Cornel wins face-off versus Riley Sheahan in Rampage zone.
10:39 of 1st period - Shot by Mark Alt.
10:39 of 1st period - Stopped by Adam Werner without a rebound.
10:40 of 1st period - Brendan Gaunce wins face-off versus Sam Carrick in Rampage zone.
10:45 of 1st period - Shot by Brendan Gaunce.
10:45 of 1st period - Shot Misses the Net.
10:47 of 1st period - Shot by Cameron Gaunce .
10:47 of 1st period - Shot Misses the Net.
11:30 of 1st period - Icing by Sam Carrick.
11:31 of 1st period - Sam Carrick wins face-off versus Riley Sheahan in Rampage zone.
11:31 of 1st period - Sam Carrick is hit by William Carrier.
11:44 of 1st period - Brandon Hickey is hit by Josh Brown and loses puck.
12:22 of 1st period - Shot by Joseph Labate.
12:22 of 1st period - Stopped by Christopher Gibson without a rebound.
12:23 of 1st period - Jean-Sébastien Dea wins face-off versus Matt Martin in IceHogs zone.
12:32 of 1st period - Shot by Matt Martin.
12:32 of 1st period - Shot Misses the Net.
12:38 of 1st period - Curtis McKenzie is hit by Cedric Paquette and loses puck.
12:54 of 1st period - Icing by Aaron Ness.
12:55 of 1st period - Matt Martin wins face-off versus Brendan Gaunce in Rampage zone.
14:16 of 1st period - Shot by Frederic Allard.
14:16 of 1st period - Stopped by Adam Werner without a rebound.
14:17 of 1st period - Michael Sgarbossa wins face-off versus Danny O'Regan in Rampage zone.
14:40 of 1st period - Shot by Jean-Sébastien Dea.
14:40 of 1st period - Shot Misses the Net.
15:05 of 1st period - Erik Cernak is hit by Joseph Labate and loses puck.
15:17 of 1st period - Icing by Jean-Sébastien Dea.
15:18 of 1st period - Jean-Sébastien Dea wins face-off versus Eric Cornel in IceHogs zone.
16:19 of 1st period - Shot by Jayson Megna.
16:19 of 1st period - Shot Misses the Net.
16:25 of 1st period - Shot by Jayson Megna.
16:25 of 1st period - Shot Blocked by Brandon Hickey.
17:05 of 1st period - Shot by Hudson Fasching.
17:05 of 1st period - Stopped by Christopher Gibson with a rebound.
17:13 of 1st period - Shot by Hudson Fasching.
17:13 of 1st period - Stopped by Christopher Gibson without a rebound.
17:14 of 1st period - Matt Martin wins face-off versus Brendan Gaunce in IceHogs zone.
19:18 of 1st period - Shot by Hudson Fasching.
19:18 of 1st period - Shot Misses the Net.
19:22 of 1st period - Shot by Michael Sgarbossa.
19:22 of 1st period - Shot Misses the Net.
19:41 of 1st period - Shot by Sam Carrick.
19:41 of 1st period - Deflect By Jayson Megna.
19:41 of 1st period - Stopped by Christopher Gibson with a rebound.
19:44 of 1st period - Icing by Cameron Gaunce .
19:45 of 1st period - Matt Martin wins face-off versus Jean-Sébastien Dea in IceHogs zone.
Goals for this period are 0 for Rampage vs 0 for IceHogs.
Shots for this period are 6 for Rampage vs 11 for IceHogs.

2nd period


0:01 of 2nd period - Jean-Sébastien Dea wins face-off versus Matt Martin in neutral zone.
0:01 of 2nd period - Danny O'Regan is hit by Matt Martin.
0:09 of 2nd period - Shot by Danny O'Regan.
0:09 of 2nd period - Stopped by Adam Werner with a rebound.
0:11 of 2nd period - Shot by Erik Cernak.
0:11 of 2nd period - Stopped by Adam Werner without a rebound.
0:12 of 2nd period - Riley Sheahan wins face-off versus Michael Sgarbossa in Rampage zone.
0:27 of 2nd period - William Carrier is hit by Joseph Labate and loses puck.
0:48 of 2nd period - Shot by William Carrier.
0:48 of 2nd period - Stopped by Adam Werner without a rebound.
0:49 of 2nd period - Matt Martin wins face-off versus Danny O'Regan in Rampage zone.
0:49 of 2nd period - Matt Martin is hit by Cedric Paquette.
0:54 of 2nd period - Curtis McKenzie is hit by Erik Cernak and loses puck.
0:57 of 2nd period - Shot by Joey Anderson.
0:57 of 2nd period - Stopped by Christopher Gibson without a rebound.
0:58 of 2nd period - Matt Martin wins face-off versus Jean-Sébastien Dea in IceHogs zone.
1:20 of 2nd period - Shot by Jean-Sébastien Dea.
1:20 of 2nd period - Shot Misses the Net.
1:28 of 2nd period - Shot by Cedric Paquette.
1:28 of 2nd period - Stopped by Adam Werner without a rebound.
1:29 of 2nd period - Riley Sheahan wins face-off versus Michael Sgarbossa in Rampage zone.
1:29 of 2nd period - Brandon Hickey is hit by Josh Brown and loses puck.
1:38 of 2nd period - Shot by Michael Sgarbossa.
1:38 of 2nd period - Shot Misses the Net.
1:40 of 2nd period - Shot by Michael Sgarbossa.
1:40 of 2nd period - Shot Blocked by William Carrier.
1:42 of 2nd period - Shot by Joseph Labate.
1:42 of 2nd period - Shot Misses the Net.
1:52 of 2nd period - Shot by William Carrier.
1:52 of 2nd period - Shot Misses the Net.
1:55 of 2nd period - Icing by Michael Sgarbossa.
1:56 of 2nd period - Brendan Gaunce wins face-off versus Michael Sgarbossa in Rampage zone.
1:56 of 2nd period - Brendan Gaunce is hit by Nick Holden.
2:02 of 2nd period - Shot by Colton Sceviour.
2:02 of 2nd period - Shot Blocked by Josh Brown.
2:05 of 2nd period - Minor Penalty to Brendan Gaunce for High sticking.
2:06 of 2nd period - Jean-Sébastien Dea wins face-off versus Matt Martin in IceHogs zone.
2:06 of 2nd period - Jean-Sébastien Dea is hit by Matt Martin.
2:18 of 2nd period - Shot by Steven Kampfer.
2:18 of 2nd period - Shot Misses the Net.
3:16 of 2nd period - Shot by Joseph Labate.
3:16 of 2nd period - Stopped by Christopher Gibson without a rebound.
3:17 of 2nd period - Jean-Sébastien Dea wins face-off versus Michael Sgarbossa in IceHogs zone.
3:37 of 2nd period - Shot by Nick Holden.
3:37 of 2nd period - Shot Misses the Net.
3:39 of 2nd period - Shot by Nick Holden.
3:39 of 2nd period - Shot Blocked by Cameron Gaunce .
3:41 of 2nd period - Shot by Nick Holden.
3:41 of 2nd period - Stopped by Christopher Gibson without a rebound.
3:42 of 2nd period - Jean-Sébastien Dea wins face-off versus Matt Martin in IceHogs zone.
4:03 of 2nd period - Shot by Curtis McKenzie.
4:03 of 2nd period - Shot Blocked by Erik Cernak.
4:05 of 2nd period - Shot by Joey Anderson.
4:05 of 2nd period - Shot Misses the Net.
4:07 of 2nd period - Shot by Johnny Kovacevic.
4:07 of 2nd period - Goal by Johnny Kovacevic - Rampage : 1 - IceHogs : 0.
4:08 of 2nd period - Brendan Gaunce wins face-off versus Sam Carrick in neutral zone.
4:45 of 2nd period - Shot by Andrew Sturtz.
4:45 of 2nd period - Deflect By Brendan Gaunce.
4:45 of 2nd period - Shot Misses the Net.
4:47 of 2nd period - Shot by Brendan Gaunce.
4:47 of 2nd period - Shot Blocked by Nick Ritchie.
5:55 of 2nd period - Shot by Cedric Paquette.
5:55 of 2nd period - Stopped by Adam Werner without a rebound.
5:56 of 2nd period - Mikhail Vorobyov wins face-off versus Hudson Fasching in Rampage zone.
6:03 of 2nd period - Shot by Mikhail Vorobyov.
6:03 of 2nd period - Shot Misses the Net.
6:05 of 2nd period - Shot by Mikhail Vorobyov.
6:05 of 2nd period - Stopped by Adam Werner with a rebound.
6:07 of 2nd period - Shot by Jean-Sébastien Dea.
6:07 of 2nd period - Shot Blocked by Josh Brown.
6:09 of 2nd period - Shot by Jack Dougherty.
6:09 of 2nd period - Stopped by Adam Werner without a rebound.
6:10 of 2nd period - Eric Cornel wins face-off versus Brendan Gaunce in Rampage zone.
6:10 of 2nd period - Dmytro Timashov is hit by Colton Sceviour and loses puck.
6:17 of 2nd period - Shot by Brendan Gaunce.
6:17 of 2nd period - Shot Blocked by Josh Leivo.
6:19 of 2nd period - Shot by Brendan Gaunce.
6:19 of 2nd period - Stopped by Adam Werner without a rebound.
6:20 of 2nd period - Danny O'Regan wins face-off versus Hudson Fasching in Rampage zone.
6:42 of 2nd period - Off-side.
6:43 of 2nd period - Riley Sheahan wins face-off versus Matt Martin in neutral zone.
6:55 of 2nd period - Shot by Matt Martin.
6:55 of 2nd period - Shot Blocked by Brandon Hickey.
7:09 of 2nd period - Shot by Curtis McKenzie.
7:09 of 2nd period - Stopped by Christopher Gibson without a rebound.
7:10 of 2nd period - Michael Sgarbossa wins face-off versus Cedric Paquette in IceHogs zone.
7:15 of 2nd period - Shot by Hudson Fasching.
7:15 of 2nd period - Shot Misses the Net.
7:18 of 2nd period - Icing by Cedric Paquette.
7:19 of 2nd period - Sam Carrick wins face-off versus Jean-Sébastien Dea in IceHogs zone.
7:27 of 2nd period - Off-side.
7:28 of 2nd period - Jean-Sébastien Dea wins face-off versus Matt Martin in neutral zone.
7:38 of 2nd period - Minor Penalty to Steven Kampfer for Goalie Interference.
7:39 of 2nd period - Joey Anderson wins face-off versus Charles Hudon in Rampage zone.
8:39 of 2nd period - Matt Martin is hit by Cedric Paquette and loses puck.
8:46 of 2nd period - Shot by Jean-Sébastien Dea.
8:46 of 2nd period - Shot Blocked by Aaron Ness.
8:48 of 2nd period - Shot by Jean-Sébastien Dea.
8:48 of 2nd period - Shot Hit the Post.
8:50 of 2nd period - Shot by Brandon Hickey.
8:50 of 2nd period - Stopped by Adam Werner without a rebound.
8:51 of 2nd period - Jean-Sébastien Dea wins face-off versus Matt Martin in Rampage zone.
8:51 of 2nd period - Jean-Sébastien Dea is hit by Robert Hagg.
9:23 of 2nd period - Icing by Danny O'Regan.
9:24 of 2nd period - Joey Anderson wins face-off versus Jean-Sébastien Dea in IceHogs zone.
9:29 of 2nd period - Shot by Joey Anderson.
9:29 of 2nd period - Shot Blocked by Danny O'Regan.
9:39 of 2nd period - Shot by Danny O'Regan.
9:39 of 2nd period - Shot Misses the Net.
9:41 of 2nd period - Shot by Brendan Gaunce.
9:41 of 2nd period - Goal by Brendan Gaunce - Rampage : 1 - IceHogs : 1.
9:42 of 2nd period - Riley Sheahan wins face-off versus Sam Carrick in neutral zone.
9:45 of 2nd period - Shot by William Carrier.
9:45 of 2nd period - Shot Misses the Net.
9:47 of 2nd period - Shot by William Carrier.
9:47 of 2nd period - Stopped by Adam Werner without a rebound.
9:48 of 2nd period - Sam Carrick wins face-off versus Riley Sheahan in Rampage zone.
9:48 of 2nd period - Robert Hagg is hit by Charles Hudon and loses puck.
9:52 of 2nd period - Icing by Steven Kampfer.
9:53 of 2nd period - Riley Sheahan wins face-off versus Sam Carrick in Rampage zone.
10:03 of 2nd period - Minor Penalty to William Carrier for Hooking.
10:04 of 2nd period - Matt Martin wins face-off versus Jean-Sébastien Dea in IceHogs zone.
11:11 of 2nd period - Shot by Joseph Labate.
11:11 of 2nd period - Stopped by Christopher Gibson with a rebound.
11:27 of 2nd period - Icing by Michael Sgarbossa.
11:28 of 2nd period - Jean-Sébastien Dea wins face-off versus Michael Sgarbossa in Rampage zone.
12:07 of 2nd period - Shot by Sam Carrick.
12:07 of 2nd period - Stopped by Christopher Gibson with a rebound.
12:22 of 2nd period - Shot by Jayson Megna.
12:22 of 2nd period - Shot Misses the Net.
12:53 of 2nd period - Off-side.
12:54 of 2nd period - Matt Martin wins face-off versus Brendan Gaunce in neutral zone.
13:23 of 2nd period - Shot by Colton Sceviour.
13:23 of 2nd period - Stopped by Adam Werner without a rebound.
13:24 of 2nd period - Jean-Sébastien Dea wins face-off versus Eric Cornel in Rampage zone.
14:15 of 2nd period - Icing by Brandon Hickey.
14:16 of 2nd period - Joey Anderson wins face-off versus Jean-Sébastien Dea in IceHogs zone.
14:35 of 2nd period - Shot by Matt Martin.
14:35 of 2nd period - Shot Misses the Net.
14:43 of 2nd period - Shot by Joey Anderson.
14:43 of 2nd period - Shot Misses the Net.
14:47 of 2nd period - Shot by Joey Anderson.
14:47 of 2nd period - Stopped by Christopher Gibson with a rebound.
15:01 of 2nd period - Shot by William Carrier.
15:01 of 2nd period - Deflect By Riley Sheahan.
15:01 of 2nd period - Stopped by Adam Werner without a rebound.
15:02 of 2nd period - Hudson Fasching wins face-off versus Brendan Gaunce in Rampage zone.
15:07 of 2nd period - Shot by Aaron Ness.
15:07 of 2nd period - Shot Misses the Net.
15:13 of 2nd period - Shot by Joseph Labate.
15:13 of 2nd period - Stopped by Christopher Gibson without a rebound.
15:14 of 2nd period - Brendan Gaunce wins face-off versus Sam Carrick in IceHogs zone.
16:03 of 2nd period - Icing by Josh Brown.
16:04 of 2nd period - Jean-Sébastien Dea wins face-off versus Sam Carrick in Rampage zone.
16:25 of 2nd period - Joey Anderson is hit by Cedric Paquette and loses puck.
16:53 of 2nd period - Icing by Steven Kampfer.
16:54 of 2nd period - Matt Martin wins face-off versus Riley Sheahan in Rampage zone.
17:01 of 2nd period - Matt Martin is hit by Charles Hudon and loses puck.
17:22 of 2nd period - Shot by Brandon Hickey.
17:22 of 2nd period - Shot Misses the Net.
17:24 of 2nd period - Shot by William Carrier.
17:24 of 2nd period - Shot Misses the Net.
17:26 of 2nd period - Shot by Riley Sheahan.
17:26 of 2nd period - Shot Misses the Net.
17:28 of 2nd period - Shot by Charles Hudon.
17:28 of 2nd period - Shot Blocked by Curtis McKenzie.
17:30 of 2nd period - Shot by Charles Hudon.
17:30 of 2nd period - Shot Blocked by Steven Kampfer.
17:34 of 2nd period - Shot by Riley Sheahan.
17:34 of 2nd period - Deflect By William Carrier.
17:34 of 2nd period - Shot Misses the Net.
18:05 of 2nd period - Shot by Colton Sceviour.
18:05 of 2nd period - Shot Misses the Net.
18:07 of 2nd period - Shot by Mark Alt.
18:07 of 2nd period - Stopped by Adam Werner with a rebound.
18:09 of 2nd period - Shot by Mark Alt.
18:09 of 2nd period - Shot Blocked by Aaron Ness.
18:11 of 2nd period - Shot by Andrew Sturtz.
18:11 of 2nd period - Stopped by Adam Werner without a rebound.
18:11 of 2nd period - Minor Penalty to Adam Werner for Delaying the game.
18:12 of 2nd period - Jean-Sébastien Dea wins face-off versus Nick Ritchie in Rampage zone.
18:32 of 2nd period - Shot by Jean-Sébastien Dea.
18:32 of 2nd period - Shot Misses the Net.
18:34 of 2nd period - Shot by Cedric Paquette.
18:34 of 2nd period - Stopped by Adam Werner with a rebound.
18:38 of 2nd period - Shot by Cameron Gaunce .
18:38 of 2nd period - Shot Blocked by Josh Brown.
18:40 of 2nd period - Shot by Cameron Gaunce .
18:40 of 2nd period - Shot Misses the Net.
19:18 of 2nd period - Shot by William Carrier.
19:18 of 2nd period - Stopped by Adam Werner with a rebound.
Goals for this period are 1 for Rampage vs 1 for IceHogs.
Shots for this period are 9 for Rampage vs 17 for IceHogs.

3rd period


0:01 of 3rd period - Hudson Fasching wins face-off versus Jean-Sébastien Dea in neutral zone.
1:24 of 3rd period - Aaron Ness is hit by Erik Cernak and loses puck.
2:11 of 3rd period - Dmytro Timashov is hit by Brendan Gaunce and loses puck.
2:20 of 3rd period - Shot by Andrew Sturtz.
2:20 of 3rd period - Shot Blocked by Johnny Kovacevic.
2:59 of 3rd period - Robert Hagg is hit by Charles Hudon.
3:29 of 3rd period - Shot by Riley Sheahan.
3:29 of 3rd period - Deflect By William Carrier.
3:29 of 3rd period - Stopped by Adam Werner with a rebound.
3:31 of 3rd period - Shot by Charles Hudon.
3:31 of 3rd period - Shot Misses the Net.
3:48 of 3rd period - Zack O'Brien is hit by Steven Kampfer and loses puck.
3:59 of 3rd period - Shot by Zack O'Brien.
3:59 of 3rd period - Stopped by Adam Werner without a rebound.
4:00 of 3rd period - Michael Sgarbossa wins face-off versus Jean-Sébastien Dea in Rampage zone.
4:09 of 3rd period - Shot by Joseph Labate.
4:09 of 3rd period - Stopped by Christopher Gibson with a rebound.
4:11 of 3rd period - Shot by Hudson Fasching.
4:11 of 3rd period - Shot Misses the Net.
4:19 of 3rd period - Shot by Joseph Labate.
4:19 of 3rd period - Deflect By Hudson Fasching.
4:19 of 3rd period - Shot Misses the Net.
4:21 of 3rd period - Shot by Hudson Fasching.
4:21 of 3rd period - Shot Misses the Net.
4:33 of 3rd period - Shot by Michael Sgarbossa.
4:33 of 3rd period - Shot Misses the Net.
4:35 of 3rd period - Shot by Josh Brown.
4:35 of 3rd period - Stopped by Christopher Gibson with a rebound.
4:37 of 3rd period - Shot by Nick Holden.
4:37 of 3rd period - Shot Misses the Net.
5:01 of 3rd period - Mark Alt is hit by Sam Carrick and loses puck.
5:28 of 3rd period - Shot by Jack Dougherty.
5:28 of 3rd period - Shot Misses the Net.
6:06 of 3rd period - Shot by Charles Hudon.
6:06 of 3rd period - Shot Misses the Net.
6:08 of 3rd period - Shot by Frederic Allard.
6:08 of 3rd period - Shot Blocked by Robert Hagg.
6:12 of 3rd period - Shot by William Carrier.
6:12 of 3rd period - Shot Misses the Net.
6:14 of 3rd period - Shot by Riley Sheahan.
6:14 of 3rd period - Stopped by Adam Werner without a rebound.
6:15 of 3rd period - Matt Martin wins face-off versus Mikhail Vorobyov in Rampage zone.
6:31 of 3rd period - Off-side.
6:32 of 3rd period - Sam Carrick wins face-off versus Colton Sceviour in neutral zone.
6:45 of 3rd period - Icing by Cameron Gaunce .
6:46 of 3rd period - Michael Sgarbossa wins face-off versus Brendan Gaunce in IceHogs zone.
7:01 of 3rd period - Shot by Colton Sceviour.
7:01 of 3rd period - Stopped by Adam Werner without a rebound.
7:02 of 3rd period - Jean-Sébastien Dea wins face-off versus Eric Cornel in Rampage zone.
7:24 of 3rd period - Off-side.
7:25 of 3rd period - Sam Carrick wins face-off versus Riley Sheahan in neutral zone.
7:40 of 3rd period - Jayson Megna is hit by Erik Cernak.
8:48 of 3rd period - Shot by Matt Martin.
8:48 of 3rd period - Deflect By Curtis McKenzie.
8:48 of 3rd period - Shot Misses the Net.
8:50 of 3rd period - Shot by Curtis McKenzie.
8:50 of 3rd period - Stopped by Christopher Gibson without a rebound.
8:51 of 3rd period - Michael Sgarbossa wins face-off versus Colton Sceviour in IceHogs zone.
8:53 of 3rd period - Joseph Labate is hit by Jack Dougherty and loses puck.
8:58 of 3rd period - Shot by Hudson Fasching.
8:58 of 3rd period - Shot Misses the Net.
9:03 of 3rd period - Hudson Fasching is hit by Mark Alt.
9:23 of 3rd period - Shot by Hudson Fasching.
9:23 of 3rd period - Stopped by Christopher Gibson without a rebound.
9:24 of 3rd period - Matt Martin wins face-off versus Jean-Sébastien Dea in IceHogs zone.
9:40 of 3rd period - Mikhail Vorobyov is hit by Johnny Kovacevic and loses puck.
9:51 of 3rd period - Shot by Zack O'Brien.
9:51 of 3rd period - Stopped by Adam Werner with a rebound.
9:53 of 3rd period - Shot by Mikhail Vorobyov.
9:53 of 3rd period - Shot Misses the Net.
10:01 of 3rd period - Shot by Jean-Sébastien Dea.
10:01 of 3rd period - Shot Misses the Net.
10:29 of 3rd period - Shot by Charles Hudon.
10:29 of 3rd period - Shot Misses the Net.
10:31 of 3rd period - Shot by Brandon Hickey.
10:31 of 3rd period - Shot Blocked by Johnny Kovacevic.
10:56 of 3rd period - Icing by Riley Sheahan.
10:57 of 3rd period - Riley Sheahan wins face-off versus Michael Sgarbossa in IceHogs zone.
10:57 of 3rd period - Riley Sheahan is hit by Joseph Labate.
11:24 of 3rd period - Joseph Labate is hit by Jack Dougherty and loses puck.
11:33 of 3rd period - Shot by Joseph Labate.
11:33 of 3rd period - Stopped by Christopher Gibson without a rebound.
11:34 of 3rd period - Sam Carrick wins face-off versus Jean-Sébastien Dea in IceHogs zone.
11:34 of 3rd period - Minor Penalty to Erik Cernak for Diving.
11:35 of 3rd period - Michael Sgarbossa wins face-off versus Jean-Sébastien Dea in IceHogs zone.
11:42 of 3rd period - Shot by Hudson Fasching.
11:42 of 3rd period - Stopped by Christopher Gibson without a rebound.
11:43 of 3rd period - Jean-Sébastien Dea wins face-off versus Michael Sgarbossa in IceHogs zone.
11:48 of 3rd period - Shot by Josh Brown.
11:48 of 3rd period - Shot Misses the Net.
11:50 of 3rd period - Shot by Michael Sgarbossa.
11:50 of 3rd period - Stopped by Christopher Gibson without a rebound.
11:51 of 3rd period - Matt Martin wins face-off versus Jean-Sébastien Dea in IceHogs zone.
12:00 of 3rd period - Shot by Matt Martin.
12:00 of 3rd period - Shot Blocked by Jack Dougherty.
12:02 of 3rd period - Shot by Robert Hagg.
12:02 of 3rd period - Stopped by Christopher Gibson without a rebound.
12:03 of 3rd period - Michael Sgarbossa wins face-off versus Jean-Sébastien Dea in IceHogs zone.
12:12 of 3rd period - Shot by Michael Sgarbossa.
12:12 of 3rd period - Shot Misses the Net.
12:14 of 3rd period - Shot by Joseph Labate.
12:14 of 3rd period - Deflect By Hudson Fasching.
12:14 of 3rd period - Shot Misses the Net.
12:16 of 3rd period - Shot by Hudson Fasching.
12:16 of 3rd period - Stopped by Christopher Gibson with a rebound.
12:30 of 3rd period - Shot by Robert Hagg.
12:30 of 3rd period - Shot Blocked by Cameron Gaunce .
12:32 of 3rd period - Shot by Steven Kampfer.
12:32 of 3rd period - Goal by Steven Kampfer - Rampage : 2 - IceHogs : 1.
12:33 of 3rd period - Riley Sheahan wins face-off versus Sam Carrick in neutral zone.
13:24 of 3rd period - Icing by Jayson Megna.
13:25 of 3rd period - Jean-Sébastien Dea wins face-off versus Sam Carrick in Rampage zone.
13:39 of 3rd period - Icing by Cameron Gaunce .
13:40 of 3rd period - Matt Martin wins face-off versus Jean-Sébastien Dea in IceHogs zone.
13:43 of 3rd period - Shot by Matt Martin.
13:43 of 3rd period - Stopped by Christopher Gibson without a rebound.
13:43 of 3rd period - Minor Penalty to Erik Cernak for Hooking.
13:44 of 3rd period - Jean-Sébastien Dea wins face-off versus Matt Martin in IceHogs zone.
13:44 of 3rd period - Jean-Sébastien Dea is hit by Curtis McKenzie.
14:39 of 3rd period - Shot by Joseph Labate.
14:39 of 3rd period - Goal by Joseph Labate - Rampage : 3 - IceHogs : 1.
14:40 of 3rd period - Riley Sheahan wins face-off versus Michael Sgarbossa in neutral zone.
14:45 of 3rd period - Johnny Kovacevic is hit by Charles Hudon and loses puck.
15:12 of 3rd period - Shot by Charles Hudon.
15:12 of 3rd period - Goal by Charles Hudon - Rampage : 3 - IceHogs : 2.
15:13 of 3rd period - Sam Carrick wins face-off versus Brendan Gaunce in neutral zone.
15:43 of 3rd period - Nick Ritchie is hit by Erik Cernak and loses puck.
15:55 of 3rd period - Erik Cernak beats up Nick Ritchie.
15:55 of 3rd period - Penalty to Erik Cernak for Fighting.
15:55 of 3rd period - Penalty to Nick Ritchie for Fighting.
15:56 of 3rd period - Jean-Sébastien Dea wins face-off versus Curtis McKenzie in Rampage zone.
16:17 of 3rd period - Frederic Allard is hit by Matt Martin and loses puck.
16:26 of 3rd period - Shot by Joey Anderson.
16:26 of 3rd period - Shot Misses the Net.
17:09 of 3rd period - Shot by Jack Dougherty.
17:09 of 3rd period - Stopped by Adam Werner with a rebound.
19:37 of 3rd period - IceHogs, Christopher Gibson is pulled from the net.
19:58 of 3rd period - Shot by Jean-Sébastien Dea.
19:58 of 3rd period - Stopped by Adam Werner with a rebound.
Goals for this period are 2 for Rampage vs 1 for IceHogs.
Shots for this period are 12 for Rampage vs 8 for IceHogs.